 Dungeon Crawl Stone Soup version 0.30-a0-937-ga0a21ad780 (webtiles) character file.

Game seed: 10834105681335566689

60 funkygono the Trooper (level 3, -17/33 HPs)
             Began as a Minotaur Fighter on Mar 24, 2023.
             Demolished by an ogre
             ... wielding a +0 giant club
              (18 damage)
             ... on level 2 of the Dungeon.
             The game lasted 00:01:56 (1080 turns).

funkygono the Trooper (Minotaur Fighter)            Turns: 1080, Time: 00:01:57

Health: -17/33     AC:  7    Str: 22    XL:     3   Next: 80%
Magic:  2/2        EV:  9    Int:  5    God:
Gold:   109        SH:  4    Dex:  9    Spells: 2/2 levels left

rFire   . . .      SeeInvis .    a - +0 war axe
rCold   . . .      Faith    .    c - +0 buckler
rNeg    . . .      Spirit   .    b - +0 scale mail
rPois   .          Reflect  .    (helmet restricted)
rElec   .          Rampage  .    (no cloak)
rCorr   .                        (no gloves)
Will    .....                    (no boots) Stlth
                                 (no amulet)
HPRegen 0.25/turn                (no ring)
MPRegen 0.08/turn                (no ring)

@: no status effects
A: horns 2, retaliatory headbutt
a: no special abilities


You were on level 2 of the Dungeon.
You visited 1 branch of the dungeon, and saw 2 of its levels.

You collected 109 gold pieces.

Inventory:

Hand Weapons
 a - a +0 war axe (weapon)
Missiles
 l - 4 poisoned darts (quivered)
Armour
 b - a +0 scale mail (worn)
 c - a +0 buckler (worn)
Wands
 p - a wand of charming (8)
Scrolls
 e - a scroll of blinking {unknown}
 h - a scroll of brand weapon {unknown}
 i - a scroll of silence {unknown}
 j - 2 scrolls of noise {unknown}
 m - a scroll of teleportation {unknown}
 o - 2 scrolls of immolation {unknown}
 r - a scroll of vulnerability {unknown}
Potions
 d - 2 potions of might
 f - a potion of mutation {unknown}
 g - a potion of brilliance {unknown}
 k - a potion of degeneration {unknown}
 n - a potion of curing {unknown}
 q - a potion of attraction {unknown}


   Skills:
 + Level 4.1 Fighting
 + Level 3.8 Axes
 + Level 4.1 Armour
 + Level 0.2 Dodging
 + Level 4.0 Shields


You had 2 spell levels left.
You didn't know any spells.
Your spell library was empty.

Dungeon Overview and Level Annotations

Branches:
Dungeon (2/15)

Altars:


Innate Abilities, Weirdness & Mutations

You have a pair of horns on your head.
You reflexively headbutt those who attack you in melee.


Message History

An endoplasm comes into view.
You slash the endoplasm!
You kill the endoplasm!
A ball python comes into view.
The ball python hisses angrily.
You block the ball python's attack. The ball python grabs you.
The ball python constricts you.
You hit the ball python.
You kill the ball python!
A bat comes into view.
Found 7 gold pieces.
The bat hits you but does no damage.
You closely miss the bat. The bat hits you but does no damage.
You block the bat's attack. The bat hits you but does no damage.
You hit the bat.
You kill the bat!
You see here a bat corpse.
You now have 109 gold pieces (gained 7).
You see here a bat corpse.
You open the door.
There is an open door here.
You open the door. You open the door.
There is an open door here.
As you open the door, it creaks loudly!
An ogre comes into view. It is wielding a +0 giant club.
The ogre hits you with a +0 giant club!
There is an open door here.
You hit the ogre.
The ogre is lightly wounded.
The ogre hits you with a +0 giant club!
Ouch! That really hurt!
* * * LOW HITPOINT WARNING * * *
You barely miss the ogre.
The ogre is lightly wounded.
You hit the ogre.
The ogre is lightly wounded.
The ogre hits you with a +0 giant club!!
Ouch! That really hurt!
You die...

# #.# ####### #.#
#...... #.# #.#
#...... ##.#+ #.#
#.....† ... ..#
#...... #+##.#+##.#
##......
#..#.#..#.###.......
#.O@.'..#.#...######
##.####.####.#.### #
.............#.# #
############.#.# #
#...# # ##### # #


You could see an ogre.

Vanquished Creatures
  A worm (D:2)
  2 dart slugs
  An orc (D:2)
  5 ball pythons
  7 endoplasms
  2 giant cockroaches
  7 goblins (D:1)
  4 hobgoblins
  3 jackals (D:1)
  A kobold (D:1)
  2 quokkas (D:1)
  3 bats
  A frilled lizard (D:1)
  5 rats
44 creatures vanquished.

Notes
Turn   | Place    | Note
-------+----------+-------------------------------------------
     0 | D:1      | funkygono the Minotaur Fighter began the quest for the Orb.
     0 | D:1      | Reached XP level 1. HP: 19/19 MP: 0/0
   126 | D:1      | Reached XP level 2. HP: 25/27 MP: 1/1
   363 | D:1      | Reached XP level 3. HP: 33/33 MP: 2/2
  1076 | D:2      | Noticed an ogre
  1078 | D:2      | HP: 1/33 [ogre/+0 giant club (17)]
  1080 | D:2      | Demolished by an ogre

Illustrated notes

Levels and vault maps discovered:
D:1:      lemuel_arrival_broad_hall, layout_basic
D:2:      minmay_door_path, layout_basic, serial_glass, glass_columns_a,
          glass_columns_a, glass_columns_b, glass_columns_a, corexii_shack,
          minmay_misc_feat_ornament

Skill      XL: |  1  2  3 |
---------------+----------+-----
Fighting       | 4 |  4.1
Axes           | 3 |  3.8
Shields        | 4 |  4.0
Armour         | 4 |  4.1
Dodging        | |  0.2

Action                     || total
---------------------------++-------
  Melee: War axe           ||    81
         Headbutt          ||     9
 Armour: Scale mail        ||    38
  Dodge: Dodged            ||    33
  Block: Buckler           ||    15

Table legend: (Time is in decaauts)
 A = Elapsed time spent in this place.
 B = Non-inter-level travel time spent in this place.
 C = Inter-level travel time spent in this place.
 D = Time resting spent in this place.
 E = Time spent auto-exploring this place.
 F = Levels seen in this place.
 G = Mean time per level.
                   A        B        C        D        E       F      G
               +--------+--------+--------+--------+--------+-----+--------+
         Total |   1111 |   1097 |     14 |      0 |    809 |   2 |  555.5 |
       Dungeon |   1111 |   1097 |     14 |      0 |    809 |   2 |  555.5 |
               +--------+--------+--------+--------+--------+-----+--------+

Top non-repeatable levels by time:
     D:1: 629 daAuts
     D:2: 481 daAuts
